 Dungeon Crawl Stone Soup version 0.20.1-1-g8b1a95d (webtiles) character file.

4279 homeworkjunkie the Cleaver (level 10, -15/88 HPs)
             Began as a Hill Orc Fighter on Dec 31, 2017.
             Was a Priest of Okawaru.
             Demolished by a two-headed ogre
             ... wielding a +0 giant club
              (18 damage)
             ... on level 7 of the Dungeon.
             The game lasted 00:13:59 (7745 turns).

homeworkjunkie the Cleaver (Hill Orc Fighter)       Turns: 7745, Time: 00:14:00

Health: -15/88     AC: 17    Str: 27    XL:     10   Next: 32%
Magic:  10/10      EV:  7    Int:  8    God:    Okawaru [***...]
Gold:   357        SH: 11    Dex: 11    Spells: 9/9 levels left

rFire    . . .     SeeInvis +   a - +2 war axe
rCold    + . .     Gourm    .   c - +0 shield
rNeg     . . .     Faith    .   y - +2 chain mail {rC+}
rPois    .         Spirit   .   j - +2 helmet "Lafonew" {MR+ Slay+2 SInv}
rElec    .         Reflect  .   (no cloak)
rCorr    .         Harm     .   (no gloves)
MR       +....                  h - +0 pair of boots
Stlth    ..........             (no amulet)
Regen    0.3/turn               s - +5 ring of strength
MPRegen  0.2/turn               (no ring)

@: lethally poisoned (-15 -> -16)
A: no striking features
a: Heroism, Renounce Religion


You were on level 7 of the Dungeon.
You worshipped Okawaru.
Okawaru was most pleased with you.
You were not hungry.

You visited 2 branches of the dungeon, and saw 10 of its levels.
You also visited: Ossuary.

You collected 447 gold pieces.
You spent 90 gold pieces at shops.

Inventory:

Hand Weapons
 a - a +2 war axe (weapon)
 w - a +0 hand axe of flaming
Armour
 c - a +0 shield (worn)
 h - a +0 pair of boots (worn)
 j - the +2 helmet "Lafonew" (worn) {MR+ Slay+2 SInv}
   (You took it off Robin on level 2 of the Dungeon)

   It affects your accuracy and damage with ranged weapons and melee attacks
   (+2).
   It affects your resistance to hostile enchantments.
   It lets you see invisible.
 y - a +2 chain mail of cold resistance (worn)
Jewellery
 s - a +5 ring of strength (left hand)
Wands
 o - a wand of digging (4/24)
 x - a wand of flame (14/48)
 A - a wand of lightning (8/15)
 B - a wand of confusion (25/48)
 C - a wand of confusion (27/48)
Scrolls
 k - a scroll of blinking
 m - a scroll of teleportation
 p - 3 scrolls of identify
 q - 5 scrolls of remove curse
 t - a scroll of magic mapping
 v - a scroll of immolation
Potions
 d - 3 potions of might
 e - 2 potions of haste
 g - 4 potions of curing
 i - a potion of brilliance
 n - 2 potions of flight
 r - a potion of resistance
 z - a potion of berserk rage
Comestibles
 b - 3 royal jellies
 l - 9 meat rations
 u - 5 bread rations


   Skills:
 * Level 7.8 Fighting
 * Level 13.2 Axes
 * Level 7.4 Armour
 + Level 1.7 Dodging
 + Level 0.1 Stealth
 * Level 6.7 Shields
 * Level 1.2 Evocations


You had 9 spell levels left.
You didn't know any spells.

Dungeon Overview and Level Annotations

Branches:
Dungeon (9/15)             Temple (1/1) D:4
   Lair: D:8-11         Orc: D:9-12

Altars:
Ashenzari
Cheibriados
Dithmenos
Elyvilon
Fedhas
Gozag
Hepliaklqana
Kikubaaqudgha
Makhleb
Nemelex Xobeh
Okawaru
Qazlal
Ru
Sif Muna
Trog
Xom
Yredelemnul
Zin

Shops:
D:4 ?


Message History

You barely miss the two-headed ogre.
The two-headed ogre is severely wounded.
You feel sick.
You hit the two-headed ogre.
The two-headed ogre is severely wounded.
The two-headed ogre hits you with a giant club.
You block the two-headed ogre's attack.
You hit the two-headed ogre.
The two-headed ogre is severely wounded.
You feel sick.
The two-headed ogre hits you with a giant club!
* * * LOW HITPOINT WARNING * * *
The two-headed ogre hits you with a giant club!!
* * * LOW HITPOINT WARNING * * *
You hit the two-headed ogre.
The two-headed ogre is severely wounded.
You slash the two-headed ogre!
The two-headed ogre is almost dead.
The two-headed ogre hits you with a giant club!!
You die...

#.........#.#..#.#.##...#....#
#...#.....#.#..#.#..#...#.##.#
#....#....#.#.)#.#....†....#.# ##
#.........#.#..#.#..###.##.#.# #.
#..#.#....#.#..#...........#.# #.
#............................# #.
##.#.###.##.#####....#####.#####.
##.#.....#...........# ### #..
...#....########@O...# #..
####.................# #..
####.....#######.....##########.#
.....#'#.#####...................
######.#................#######.#
#####'#######................#..
#.....................####......
#....).######.........# #......
#......# #...........# #......


You could see a two-headed ogre.

Vanquished Creatures
  Erica (D:8)
  A hornet (D:8)
  A wraith (Ossuary)
  Grum (D:8)
  2 orc warriors (D:6)
  3 ice beasts
  A phantom (D:8)
  2 wolves (D:8)
  5 ogres
  A centaur (D:8)
  4 bullfrogs
  Blork the orc (D:5)
  3 scorpions
  6 wights (D:6)
  2 howler monkeys (D:7)
  A crimson imp (D:7)
  2 hounds
  4 orc wizards
  4 orc priests
  3 centaur skeletons
  A bullfrog skeleton (D:7)
  8 worker ants
  2 iguanas
  Natasha (thrice) (D:2)
  A big kobold zombie (Ossuary)
  A hound skeleton (D:5)
  4 mummies
  Robin (D:2)
  4 gnolls (D:8)
  11 adders
  4 shadow imps
  An adder skeleton (D:8)
  2 adder zombies
  5 worms (D:2)
  2 leopard geckos
  24 orcs
  2 ball pythons (D:4)
  8 bats
  6 giant cockroaches
  A gnoll zombie (Ossuary)
  10 goblins
  7 hobgoblins
  2 jackals (D:6)
  6 quokkas
  6 frilled lizards
  2 goblin zombies (Ossuary)
  2 hobgoblin zombies (Ossuary)
  7 kobolds
  3 kobold zombies (Ossuary)
  2 leopard gecko skeletons (D:5)
  A quokka skeleton (D:4)
  A quokka zombie (D:6)
  9 rats
197 creatures vanquished.

Vanquished Creatures (others)
  An orc (D:5)
  2 quokkas
3 creatures vanquished.

Grand Total: 200 creatures vanquished

Notes
Turn   | Place    | Note
-------+----------+-------------------------------------------
     0 | D:1      | homeworkjunkie the Hill Orc Fighter began the quest for the Orb.
     0 | D:1      | Reached XP level 1. HP: 19/19 MP: 1/1
   108 | D:1      | Reached skill level 3 in Axes
   132 | D:2      | Reached XP level 2. HP: 27/27 MP: 2/2
   308 | D:2      | Noticed Natasha
   318 | D:2      | Killed Natasha
   318 | D:2      | Reached XP level 3. HP: 9/33 MP: 3/3
   579 | D:2      | Reached XP level 4. HP: 40/40 MP: 4/4
   581 | D:2      | Noticed Robin
   716 | D:2      | Noticed Natasha
   724 | D:2      | Killed Natasha
   724 | D:2      | Reached skill level 4 in Axes
  1028 | D:2      | Noticed Natasha
  1042 | D:2      | Killed Natasha
  1042 | D:2      | Reached XP level 5. HP: 14/47 MP: 5/5
  1500 | D:3      | Found a white marble altar of Elyvilon.
  1742 | D:2      | Killed Robin
  1742 | D:2      | Reached skill level 5 in Axes
  1748 | D:2      | Got a steaming helmet
  1932 | D:1      | Identified the +2 helmet "Lafonew" {MR+ Slay+2 SInv} (You took it off Robin on level 2 of the Dungeon)
  2490 | D:3      | Found a burning altar of Makhleb.
  2651 | D:3      | Reached XP level 6. HP: 53/53 MP: 6/6
  2875 | D:3      | Reached skill level 6 in Axes
  2961 | D:3      | Found a basalt altar of Yredelemnul.
  3098 | D:5      | Entered Level 5 of the Dungeon
  3108 | D:5      | Found a sand-covered staircase.
  3115 | Ossuary  | Entered an ossuary
  3115 | Ossuary  | Noticed a wraith
  3115 | Ossuary  | Noticed a wraith
  3115 | Ossuary  | Noticed a wraith
  3494 | Ossuary  | Noticed a wraith
  3500 | Ossuary  | Killed a wraith
  3500 | Ossuary  | Reached skill level 7 in Axes
  3500 | Ossuary  | Reached XP level 7. HP: 42/60 MP: 7/7
  3673 | D:3      | Found a glowing silver altar of Zin.
  3764 | D:4      | Reached skill level 5 in Fighting
  3764 | D:4      | Reached skill level 8 in Axes
  3784 | D:4      | Found a hazy altar of Hepliaklqana.
  3840 | D:4      | Reached skill level 1 in Dodging
  3927 | D:4      | Reached skill level 5 in Shields
  3992 | D:4      | Found Kirybric's Magic Scroll Shop.
  4033 | D:4      | Bought a scroll of enchant weapon for 90 gold pieces
  4113 | D:4      | Found a staircase to the Ecumenical Temple.
  4171 | Temple   | Entered the Ecumenical Temple
  4222 | Temple   | Became a worshipper of Warmaster Okawaru
  4387 | D:5      | Reached XP level 8. HP: 68/68 MP: 8/8
  4560 | D:5      | Reached skill level 9 in Axes
  4569 | D:5      | Reached skill level 5 in Armour
  4620 | D:5      | Noticed Blork the orc
  4630 | D:5      | Killed Blork the orc
  5043 | D:5      | Reached * piety under Okawaru
  5314 | D:6      | Reached skill level 10 in Axes
  5483 | D:6      | Reached XP level 9. HP: 56/78 MP: 9/9
  5600 | D:7      | Reached skill level 11 in Axes
  5654 | D:6      | Reached ** piety under Okawaru
  6311 | D:8      | Noticed Grum
  6325 | D:8      | Reached skill level 12 in Axes
  6327 | D:8      | Killed Grum
  7315 | D:8      | Noticed Erica
  7316 | D:8      | Reached XP level 10. HP: 78/86 MP: 10/10
  7330 | D:8      | Killed Erica
  7330 | D:8      | Reached *** piety under Okawaru
  7330 | D:8      | Reached skill level 13 in Axes
  7330 | D:8      | Reached skill level 1 in Evocations
  7637 | D:8      | Found a blossoming altar of Fedhas.
  7720 | D:8      | Noticed a two-headed ogre
  7743 | D:7      | HP: 3/88 [two-headed ogre/giant club (18)]
  7745 | D:7      | Demolished by a two-headed ogre

Skill      XL: |  1  2  3  4  5  6  7  8  9 10 |
---------------+-------------------------------+-----
Axes           | 3 4 5 7 8 10 12 13 | 13.2
Fighting       | 4 5 6 7 |  7.8
Armour         | 4 5 6 7 |  7.4
Shields        | 4 5 6 |  6.7
Dodging        | 1 |  1.7
Evocations     | 1 |  1.2
Stealth        | |  0.1

Action                   |  1- 3 |  4- 6 |  7- 9 | 10-12 || total
-------------------------+-------+-------+-------+-------++-------
Melee: War axe           |    50 |   213 |   327 |    40 ||   630
Evoke: Wand              |       |       |     1 |     1 ||     2
  Use: Scroll            |     2 |     5 |    15 |       ||    22
       Potion            |       |     5 |     4 |     2 ||    11
  Eat: Royal jelly       |       |     2 |     2 |       ||     4
       Fruit             |       |     2 |       |       ||     2
       Bread ration      |       |     1 |     2 |       ||     3
Armor: Scale mail        |    25 |    86 |    43 |       ||   154
       Chain mail        |       |       |    60 |    17 ||    77
Dodge: Dodged            |    15 |    77 |    70 |    19 ||   181
Block: Shield            |    18 |    95 |   141 |    30 ||   284
